 Dungeon Crawl Stone Soup version 0.32-a0-876-gcfddb08e57 (webtiles) character file.

Game seed: 13195202646607396986

12 Bediveer the Trooper (level 2, -1/24 HPs)
             Began as a Mummy Fighter on Apr 1, 2024.
             Slain by a dart slug (3 damage)
             ... on level 1 of the Dungeon.
             The game lasted 00:00:32 (304 turns).

Bediveer the Trooper (Mummy Fighter)                 Turns: 304, Time: 00:00:33

Health: -1/24      AC:  6    Str: 19    XL:     2   Next: 20%
Magic:  2/2        EV:  8    Int:  7    God:
Gold:   5          SH:  4    Dex: 11    Spells: 1/1 levels left

rFire   x .          .
                       - Unarmed
rCold   + . .        b - +0 buckler
rNeg    + + +        a - +0 scale mail
rPois   ∞            (no helmet)
rElec   .            (no cloak)
rCorr   .            (no gloves)
SInv    .            (no boots)
Will    .....        (no amulet) Stlth
                     (no ring)
HPRegen 0.24/turn    (no ring)
MPRegen 0.08/turn

%: faith
@: weak-willed
A: cold resistance 1, negative energy resistance 3, torment resistance 2, heat
vulnerability 1, in touch with death 1, no potions, faith
a: no special abilities


You were on level 1 of the Dungeon.
You visited 1 branch of the dungeon, and saw 1 of its levels.

You collected 5 gold pieces.

Inventory:

Armour
 a - a +0 scale mail (worn)
 b - a +0 buckler (worn)
Scrolls
 c - a scroll of fear {unknown}


   Skills:
 - Level 3.0 Fighting
 + Level 2.6 Armour
 - Level 2.4 Shields
 * Level 2.1 Unarmed Combat


You had one spell level left.
You didn't know any spells.
Your spell library was empty.

Dungeon Overview and Level Annotations

Branches:
Dungeon (1/15)

Altars:


Innate Abilities, Weirdness & Mutations

You are immune to poison.
Your flesh is cold resistant. (rC+)
You are immune to negative energy. (rN+++)
You are immune to unholy pain and torment.
You are vulnerable to heat. (rF-)
You are in touch with the powers of death.
You do not drink.
You have a special connection with the divine. (Faith)


Message History

You are too injured to fight recklessly!
You are too injured to fight recklessly!
You are too injured to fight recklessly!
You are too injured to fight recklessly!
You are too injured to fight recklessly!
You are too injured to fight recklessly!
You are too injured to fight recklessly!
You are too injured to fight recklessly!
You are too injured to fight recklessly!
You are too injured to fight recklessly!
You are too injured to fight recklessly!
You are too injured to fight recklessly!
You are too injured to fight recklessly!
You are too injured to fight recklessly!
You are too injured to fight recklessly!
You barely miss the dart slug. The giant cockroach barely misses you.
The hobgoblin hits you but does no damage.
You block the dart slug's attack.
You hit the dart slug.
The dart slug is lightly wounded.
The giant cockroach bites you but does no damage.
The hobgoblin closely misses you. You block the dart slug's attack.
You hit the dart slug but do no damage.
The dart slug is lightly wounded.
The giant cockroach bites you but does no damage.
The hobgoblin hits you.
A goblin comes into view. It is wielding a +0 dagger.
The giant cockroach bites you but does no damage.
The goblin shouts!
You hit the dart slug but do no damage.
The dart slug is lightly wounded.
The dart slug bites you.
* * * LOW HITPOINT WARNING * * *
The hobgoblin barely misses you. The giant cockroach closely misses you.
As you read the scroll labelled PAWKET NYRHUU, it crumbles to dust.
A wave of despondency washes over your surroundings.
It was a scroll of vulnerability.
The hobgoblin hits you.
* * * LOW HITPOINT WARNING * * *
The giant cockroach barely misses you. The dart slug bites you.
You die...

#........#
#........#
##....$...#####
#.............#
#.............#
#.............#
##.#.wB..........#
..g..Kg@.........#
##....w..........#
#...............#
#.#.............#
# #.............#
#.............#
#.............#
#.......))....#
#......!......#


You could see 2 dart slugs, a giant cockroach (weak-willed), a hobgoblin
(weak-willed), a goblin (weak-willed) and a kobold (weak-willed).

Vanquished Creatures
  A ball python (D:1)
  2 endoplasms (D:1)
  2 goblins (D:1)
  A hobgoblin (D:1)
  2 kobolds (D:1)
  A bat (D:1)
  A frilled lizard (D:1)
10 creatures vanquished.

Notes
Turn   | Place    | Note
-------+----------+-------------------------------------------
     0 | D:1      | Bediveer the Mummy Fighter began the quest for the Orb.
     0 | D:1      | Reached XP level 1. HP: 18/18 MP: 1/1
   272 | D:1      | Reached XP level 2. HP: 24/24 MP: 2/2
   304 | D:1      | Slain by a dart slug

Illustrated notes

Levels and vault maps discovered:
D:1:      ebering_hopf_link, layout_basic, shapermc_ecumenical_altar_gd,
          nicolae_shop_vocational

Skill      XL: |  1 |
---------------+----+-----
Unarmed Combat | 2 |  2.1
Fighting       | |  3.0
Armour         | |  2.6
Shields        | |  2.4

Action                     || total
---------------------------++-------
  Melee: Unarmed           ||    35
    Use: Scroll            ||     1
 Armour: Scale mail        ||    34
  Dodge: Dodged            ||    15
  Block: Buckler           ||     9

Table legend: (Time is in decaauts)
 A = Elapsed time spent in this place.
 B = Non-inter-level travel time spent in this place.
 C = Inter-level travel time spent in this place.
 D = Time resting spent in this place.
 E = Time spent auto-exploring this place.
 F = Levels seen in this place.
 G = Mean time per level.
                   A        B        C        D        E       F      G
               +--------+--------+--------+--------+--------+-----+--------+
         Total |    304 |    304 |      0 |      0 |    239 |   1 |  304.0 |
       Dungeon |    304 |    304 |      0 |      0 |    239 |   1 |  304.0 |
               +--------+--------+--------+--------+--------+-----+--------+

Top non-repeatable levels by time:
     D:1: 304 daAuts
